| TOP OF THE 1ST |
|
Colorado Springs Sky Sox batting - Pitching for Oklahoma City Dodgers : RHP Victor Torres
|
|
Pitching: RHP Victor Torres
|
|
|
Batting: LHB Greg Valenzuela
|
0-0: Called Strike 0-1: Swinging Strike 0-2: Ball 1-2: Strikes out swinging
|
|
Batting: RHB Juan Figueroa
|
0-0: Ball 1-0: Called Strike 1-1: Ball 2-1: SINGLE (Flyball, 6MD, EV 83.1 MPH)
|
|
Batting: RHB Mike McElroy
|
0-0: Ball 1-0: Called Strike Juan Figueroa is caught stealing 2nd base 2-4 1-1: Ground out 6-3 (Groundball, 6, EV 90.0 MPH)
|
| Top of the 1st over - 0 runs, 1 hit, 0 errors, 0 left on base; Colorado Springs 0 - Oklahoma City 0 |
| BOTTOM OF THE 1ST |
|
Oklahoma City Dodgers batting - Pitching for Colorado Springs Sky Sox : LHP Marc Eismann
|
|
Pitching: LHP Marc Eismann
|
|
|
Batting: RHB Theo Schepers
|
0-0: Ball 1-0: Foul Ball, location: 2F 1-1: Ball 2-1: Ball 3-1: Bunted foul 3-2: Strikes out swinging
|
|
Batting: LHB Tony Morales
|
0-0: Foul Ball, location: 2F 0-1: Foul Ball, location: 2F 0-2: Foul Ball, location: 2F 0-2: Foul Ball, location: 2F 0-2: Ball 1-2: Ball 2-2: Ball 3-2: Foul Ball, location: 2F 3-2: Foul Ball, location: 2F 3-2: Fly out, F7 (Flyball, 78D, EV 73.8 MPH)
|
|
Batting: LHB Steve Pond
|
0-0: Fly out, F7 (Line Drive, 7, EV 99.4 MPH)
|
| Bottom of the 1st over - 0 runs, 0 hits, 0 errors, 0 left on base; Colorado Springs 0 - Oklahoma City 0 |
| TOP OF THE 2ND |
|
Colorado Springs Sky Sox batting - Pitching for Oklahoma City Dodgers : RHP Victor Torres
|
|
Batting: SHB Bobby Santor
|
0-0: Ball 1-0: Foul Ball, location: 2F 1-1: Ball 2-1: Foul Ball, location: 2F 2-2: Strikes out swinging
|
|
Batting: SHB Jeff Sorrels
|
0-0: Ball 1-0: Called Strike 1-1: Ball 2-1: Ball 3-1: Ground out 6-3 (Groundball, 56, EV 83.8 MPH)
|
|
Batting: SHB Jamie Mims
|
0-0: Ground out 4-3 (Groundball, 4, EV 90.0 MPH)
|
| Top of the 2nd over - 0 runs, 0 hits, 0 errors, 0 left on base; Colorado Springs 0 - Oklahoma City 0 |
| BOTTOM OF THE 2ND |
|
Oklahoma City Dodgers batting - Pitching for Colorado Springs Sky Sox : LHP Marc Eismann
|
|
Batting: RHB Mike Dodson
|
0-0: Called Strike 0-1: Ball 1-1: Ball 2-1: Swinging Strike 2-2: Ball 3-2: SOLO HOME RUN (Flyball, 7D, EV 98.8 MPH), Distance : 359 ft
|
|
Batting: RHB T.J. Jordan
|
0-0: Foul Ball, location: 2F 0-1: Swinging Strike 0-2: Ball 1-2: Ball 2-2: Ball 3-2: Fly out, F7 (Flyball, 7D, EV 97.5 MPH)
|
|
Batting: LHB Chris Raymond
|
0-0: Ball 1-0: Ball 2-0: Foul Ball, location: 2F 2-1: Foul Ball, location: 2F 2-2: Foul Ball, location: 2F 2-2: Foul Ball, location: 2F 2-2: Strikes out looking
|
|
Batting: LHB Chris Fandino
|
0-0: Ground out 4-3 (Groundball, 4, EV 85.6 MPH)
|
| Bottom of the 2nd over - 1 run, 1 hit, 0 errors, 0 left on base; Colorado Springs 0 - Oklahoma City 1 |
| TOP OF THE 3RD |
|
Colorado Springs Sky Sox batting - Pitching for Oklahoma City Dodgers : RHP Victor Torres
|
|
Batting: RHB John Stevenson
|
0-0: SINGLE (Line Drive, 8LS, EV 95.6 MPH)
|
|
Batting: LHB Mike Clark
|
0-0: Called Strike 0-1: Ball 1-1: Fielders Choice at 2nd, 5-4 (Groundball, 5L, EV 101.2 MPH)
|
|
Batting: RHB Kevin McKasson
|
0-0: Ball 1-0: Called Strike 1-1: Foul Ball, location: 2F 1-2: Ball 2-2: Ball 3-2: Base on Balls Mike Clark to second
|
|
Batting: LHB Greg Valenzuela
|
0-0: Called Strike 0-1: Foul Ball, location: 2F 0-2: Ball 1-2: Ball 2-2: Fly out, F7 (Flyball, 78S, EV 88.1 MPH)
|
|
Batting: RHB Juan Figueroa
|
0-0: Called Strike 0-1: Called Strike 0-2: Ground out 5-3 (Groundball, 5S, EV 78.1 MPH)
|
| Top of the 3rd over - 0 runs, 1 hit, 0 errors, 2 left on base; Colorado Springs 0 - Oklahoma City 1 |
| BOTTOM OF THE 3RD |
|
Oklahoma City Dodgers batting - Pitching for Colorado Springs Sky Sox : LHP Marc Eismann
|
|
Batting: LHB Robin More
|
0-0: Ball 1-0: Ball 2-0: Foul Ball, location: 2F 2-1: Called Strike 2-2: Ball 3-2: Fly out, F8 (Flyball, 8LXD, EV 92.5 MPH)
|
|
Batting: LHB Darrell Ortega
|
0-0: Ball 1-0: Ball 2-0: Reached via error on a dropped throw from 2B, E3 (Groundball, 4, EV 94.4 MPH)
|
|
Batting: RHB Theo Schepers
|
0-0: Called Strike 0-1: SINGLE (Groundball, 56D, EV 105.6 MPH) Darrell Ortega to second
|
|
Batting: LHB Tony Morales
|
0-0: Foul Ball, location: 2F 0-1: Fielders Choice at 2nd, 1-6 (Groundball, P, EV 70.0 MPH) Darrell Ortega to third
|
|
Batting: LHB Steve Pond
|
0-0: Ball 1-0: Swinging Strike 1-1: Foul Ball, location: 2F 1-2: Strikes out swinging
|
| Bottom of the 3rd over - 0 runs, 1 hit, 1 error, 2 left on base; Colorado Springs 0 - Oklahoma City 1 |
| TOP OF THE 4TH |
|
Colorado Springs Sky Sox batting - Pitching for Oklahoma City Dodgers : RHP Victor Torres
|
|
Batting: RHB Mike McElroy
|
0-0: Called Strike 0-1: Ball 1-1: Called Strike 1-2: Foul Ball, location: 2F 1-2: SINGLE (Line Drive, 34, EV 100.6 MPH)
|
|
Batting: SHB Bobby Santor
|
0-0: Ball Wild Pitch! Mike McElroy to second 1-0: Fly out, F8 (Flyball, 8LM, EV 90.0 MPH)
|
|
Batting: SHB Jeff Sorrels
|
0-0: Called Strike 0-1: Foul Ball, location: 2F 0-2: Fly out, F8 (Flyball, 8LM, EV 93.8 MPH)
|
|
Batting: SHB Jamie Mims
|
0-0: Ball 1-0: Foul Ball, location: 2F 1-1: Called Strike 1-2: Fly out, F8 (Line Drive, 8LD, EV 90.6 MPH)
|
| Top of the 4th over - 0 runs, 1 hit, 0 errors, 1 left on base; Colorado Springs 0 - Oklahoma City 1 |
| BOTTOM OF THE 4TH |
|
Oklahoma City Dodgers batting - Pitching for Colorado Springs Sky Sox : LHP Marc Eismann
|
|
Batting: RHB Mike Dodson
|
0-0: Ball 1-0: Ball 2-0: Ball 3-0: Base on Balls
|
|
Batting: RHB T.J. Jordan
|
0-0: Swinging Strike 0-1: Foul Ball, location: 2F 0-2: Foul Ball, location: 2F 0-2: Foul Ball, location: 2F 0-2: Ball 1-2: Foul Ball, location: 2F 1-2: Strikes out swinging
|
|
Batting: LHB Chris Raymond
|
0-0: Swinging Strike 0-1: Fly out, F7 (Flyball, 7LM, EV 78.1 MPH)
|
|
Batting: LHB Chris Fandino
|
0-0: Ball 1-0: Fly out, F7 (Flyball, 78D, EV 100.6 MPH)
|
| Bottom of the 4th over - 0 runs, 0 hits, 0 errors, 1 left on base; Colorado Springs 0 - Oklahoma City 1 |
| TOP OF THE 5TH |
|
Colorado Springs Sky Sox batting - Pitching for Oklahoma City Dodgers : RHP Victor Torres
|
|
Batting: RHB John Stevenson
|
0-0: Foul Ball, location: 2F 0-1: Called Strike 0-2: Fly out, F9 (Flyball, 9LMF, EV 112.5 MPH)
|
|
Batting: LHB Mike Clark
|
0-0: Foul Ball, location: 2F 0-1: Ground out 4-3 (Groundball, 34D, EV 97.5 MPH)
|
|
Batting: RHB Kevin McKasson
|
0-0: Called Strike 0-1: Swinging Strike 0-2: Ball 1-2: SINGLE (Groundball, 34D, EV 99.4 MPH)
|
|
Batting: LHB Greg Valenzuela
|
0-0: Called Strike 0-1: Ball 1-1: Ball 2-1: Fielders Choice at 2nd, U4 (Groundball, 4M, EV 82.5 MPH)
|
| Top of the 5th over - 0 runs, 1 hit, 0 errors, 1 left on base; Colorado Springs 0 - Oklahoma City 1 |
| BOTTOM OF THE 5TH |
|
Oklahoma City Dodgers batting - Pitching for Colorado Springs Sky Sox : LHP Marc Eismann
|
|
Batting: LHB Robin More
|
0-0: Ball 1-0: Ball 2-0: DOUBLE (Line Drive, 78D, EV 99.4 MPH)
|
|
Batting: LHB Darrell Ortega
|
0-0: Ball 1-0: Foul Ball, location: 2F 1-1: SINGLE (Flyball, 89S, EV 95.0 MPH) Robin More to third
|
|
Batting: RHB Theo Schepers
|
0-0: Called Strike 0-1: Ball 1-1: DOUBLE (Line Drive, 89D, EV 104.4 MPH) Robin More scores Darrell Ortega to third
|
|
Batting: LHB Tony Morales
|
0-0: Ball 1-0: Called Strike 1-1: Ball 2-1: Ball 3-1: Base on Balls
|
|
Batting: LHB Steve Pond
|
0-0: Called Strike 0-1: Grounds into fielders choice 6-2 (Groundball, 6, EV 89.4 MPH) Theo Schepers to third Tony Morales to second
|
|
Batting: RHB Mike Dodson
|
0-0: Ball 1-0: Foul Ball, location: 2F 1-1: Ball 2-1: DOUBLE (Flyball, 8LXD, EV 110.0 MPH) Theo Schepers scores Tony Morales scores Steve Pond to third
|
|
Pinch Runner at 2nd Carlos Talavera:
|
|
|
Batting: RHB T.J. Jordan
|
0-0: Ball 1-0: Ball 2-0: Ball 3-0: Swinging Strike 3-1: Foul Ball, location: 2F 3-2: Foul Ball, location: 2F 3-2: Foul Ball, location: 2F 3-2: Strikes out swinging
|
|
Batting: LHB Chris Raymond
|
0-0: Foul Ball, location: 2F 0-1: Ball 1-1: Ball 2-1: Ground out 5-3 (Groundball, 56, EV 94.4 MPH)
|
| Bottom of the 5th over - 3 runs, 4 hits, 0 errors, 2 left on base; Colorado Springs 0 - Oklahoma City 4 |
| TOP OF THE 6TH |
|
Colorado Springs Sky Sox batting - Pitching for Oklahoma City Dodgers : RHP Victor Torres
|
|
Now at SS: Carlos Talavera
|
|
|
Batting: RHB Juan Figueroa
|
0-0: Foul Ball, location: 2F 0-1: Ball 1-1: Foul Ball, location: 2F 1-2: SINGLE (Groundball, 4MD, EV 100.0 MPH)
|
|
Batting: RHB Mike McElroy
|
0-0: Ball Juan Figueroa steals 2nd base 1-0: Called Strike 1-1: Foul Ball, location: 2F 1-2: Foul Ball, location: 2F 1-2: Ball 2-2: Foul Ball, location: 2F 2-2: Foul Ball, location: 2F 2-2: Fly out, F8 (Line Drive, 78D, EV 94.4 MPH)
|
|
Batting: SHB Bobby Santor
|
0-0: Ball Juan Figueroa is caught stealing 3rd base 2-5 1-0: Foul Ball, location: 2F 1-1: Fly out, F7 (Flyball, 7, EV 86.2 MPH)
|
| Top of the 6th over - 0 runs, 1 hit, 0 errors, 0 left on base; Colorado Springs 0 - Oklahoma City 4 |
| BOTTOM OF THE 6TH |
|
Oklahoma City Dodgers batting - Pitching for Colorado Springs Sky Sox : LHP Marc Eismann
|
|
Pitching: RHP Vas Karamyshev
|
|
|
Batting: LHB Chris Fandino
|
0-0: Called Strike 0-1: Ball 1-1: Foul Ball, location: 2F 1-2: Ball 2-2: Foul Ball, location: 2F 2-2: Ball 3-2: Base on Balls
|
|
Batting: LHB Robin More
|
0-0: Foul Ball, location: 2F 0-1: Grounds into double play, 4-6-3 (Groundball, 4, EV 103.1 MPH)
|
|
Batting: LHB Darrell Ortega
|
0-0: Swinging Strike 0-1: Foul Ball, location: 2F 0-2: Strikes out looking
|
| Bottom of the 6th over - 0 runs, 0 hits, 0 errors, 0 left on base; Colorado Springs 0 - Oklahoma City 4 |
| TOP OF THE 7TH |
|
Colorado Springs Sky Sox batting - Pitching for Oklahoma City Dodgers : RHP Victor Torres
|
|
Batting: SHB Jeff Sorrels
|
0-0: Ball 1-0: SINGLE (Flyball, 78S, EV 88.8 MPH)
|
|
Batting: SHB Jamie Mims
|
0-0: Fielders Choice at 2nd, 4-6 (Groundball, 34D, EV 88.8 MPH)
|
|
Batting: RHB John Stevenson
|
0-0: Called Strike 0-1: Foul Ball, location: 2F 0-2: Ball 1-2: Ball 2-2: Fielders Choice at 2nd, 6-4 (Groundball, 6, EV 83.1 MPH)
|
|
Batting: LHB Mike Clark
|
0-0: Called Strike John Stevenson steals 2nd base 0-1: Ball 1-1: Called Strike 1-2: Strikes out swinging
|
| Top of the 7th over - 0 runs, 1 hit, 0 errors, 1 left on base; Colorado Springs 0 - Oklahoma City 4 |
| BOTTOM OF THE 7TH |
|
Oklahoma City Dodgers batting - Pitching for Colorado Springs Sky Sox : RHP Vas Karamyshev
|
|
Pitching: RHP Davon Ware
|
|
|
Batting: RHB Theo Schepers
|
0-0: Ball 1-0: Ball 2-0: Ball 3-0: Called Strike 3-1: Foul Ball, location: 2F 3-2: TRIPLE (Line Drive, 89XD, EV 110.0 MPH)
|
|
Batting: LHB Tony Morales
|
0-0: Ball 1-0: Swinging Strike 1-1: Ball 2-1: Foul Ball, location: 2F 2-2: Ball 3-2: Strikes out looking
|
|
Batting: LHB Steve Pond
|
0-0: Ball 1-0: Called Strike 1-1: Foul Ball, location: 2F 1-2: Ball 2-2: Strikes out swinging
|
|
Batting: RHB Carlos Talavera
|
0-0: Ball 1-0: Ball 2-0: Foul Ball, location: 2F 2-1: 2-RUN HOME RUN (Flyball, 9LD, EV 95.0 MPH), Distance : 331 ft
|
|
Batting: RHB T.J. Jordan
|
0-0: Ground out U3 (Groundball, 3S, EV 90.0 MPH)
|
| Bottom of the 7th over - 2 runs, 2 hits, 0 errors, 0 left on base; Colorado Springs 0 - Oklahoma City 6 |
| TOP OF THE 8TH |
|
Colorado Springs Sky Sox batting - Pitching for Oklahoma City Dodgers : RHP Victor Torres
|
|
Batting: RHB Kevin McKasson
|
0-0: Ball 1-0: Ball 2-0: Ball 3-0: Base on Balls
|
|
Batting: LHB Greg Valenzuela
|
0-0: Ball 1-0: Called Strike 1-1: Called Strike 1-2: Foul Ball, location: 2F 1-2: Grounds into double play, 4-6-3 (Groundball, 4, EV 86.2 MPH)
|
|
Batting: RHB Juan Figueroa
|
0-0: Ball 1-0: Called Strike 1-1: Swinging Strike 1-2: Strikes out swinging
|
| Top of the 8th over - 0 runs, 0 hits, 0 errors, 0 left on base; Colorado Springs 0 - Oklahoma City 6 |
| BOTTOM OF THE 8TH |
|
Oklahoma City Dodgers batting - Pitching for Colorado Springs Sky Sox : RHP Davon Ware
|
|
Batting: LHB Chris Raymond
|
0-0: Ball 1-0: Ball 2-0: DOUBLE (Flyball, 8RXD, EV 96.9 MPH)
|
|
Batting: LHB Chris Fandino
|
0-0: Ball 1-0: Called Strike 1-1: Ground out 6-3 (Groundball, 56D, EV 99.4 MPH)
|
|
Pitching: LHP Bill Ogren
|
|
|
Batting: LHB Robin More
|
0-0: Ball 1-0: Ball 2-0: Ball 3-0: Base on Balls
|
|
Batting: LHB Darrell Ortega
|
0-0: Ball 1-0: Called Strike 1-1: Fielders Choice at 2nd, 1-4 (Groundball, 15S, EV 73.8 MPH) Chris Raymond to third
|
|
Batting: RHB Theo Schepers
|
0-0: Swinging Strike 0-1: Swinging Strike 0-2: Ball 1-2: Ball 2-2: Strikes out swinging
|
| Bottom of the 8th over - 0 runs, 1 hit, 0 errors, 2 left on base; Colorado Springs 0 - Oklahoma City 6 |
| TOP OF THE 9TH |
|
Colorado Springs Sky Sox batting - Pitching for Oklahoma City Dodgers : RHP Victor Torres
|
|
Pitching: LHP Billy Kline
|
|
|
Batting: RHB Mike McElroy
|
0-0: SINGLE (Groundball, 4D, EV 96.2 MPH)
|
|
Batting: SHB Bobby Santor
|
0-0: Foul Ball, location: 2F 0-1: Ball 1-1: Swinging Strike 1-2: Foul Ball, location: 2F 1-2: Foul Ball, location: 2F 1-2: Foul Ball, location: 2F 1-2: Strikes out swinging
|
|
Batting: SHB Jeff Sorrels
|
0-0: Ball 1-0: Ball 2-0: Called Strike 2-1: Ball 3-1: Fielders Choice at 2nd, 1-6 (Groundball, 13S, EV 70.0 MPH)
|
|
Batting: SHB Jamie Mims
|
0-0: Ball 1-0: Swinging Strike 1-1: Ground out U3 (Groundball, 23, EV 85.6 MPH)
|
| Top of the 9th over - 0 runs, 1 hit, 0 errors, 1 left on base; Colorado Springs 0 - Oklahoma City 6 |
|